 Dungeon Sprint DCSS version 0.30-a0-1053-gbd8d5ba0ad (webtiles) character file.

Game seed: 7713144392491853604

195 fozzywoppz the Insei (level 5, -11/39 HPs)
             Began as an Octopode Transmuter on Apr 12, 2023.
             Was an Initiate of Jiyva.
             Mangled by a red ugly thing (23 damage)
             ... in the Dungeon (Sprint V: "Ziggurat Sprint").
             The game lasted 00:02:51 (126 turns).

fozzywoppz the Insei (Octopode Transmuter)           Turns: 126, Time: 00:02:52

Health: -11/39     AC:  1    Str: 22    XL:     5   Next: 74%
Magic:  6/12       EV: 17    Int: 29    God:    Jiyva [......]
Gold:   0          SH:  8    Dex: 24    Spells: 11/14 levels left

rFire   . . .      SeeInvis .      - Unarmed
rCold   . . .      Faith    .    k - +3 buckler
rNeg    . . .      Spirit   .    (helmet restricted)
rPois   .          Reflect  .    (no amulet)
rElec   .          Rampage  .    r - +6 ring of dexterity
rCorr   .          NoTele   +    s - +6 ring of dexterity
Will    .....                    t - +6 ring of intelligence
Stlth   +++                      u - +6 ring of intelligence
HPRegen 0.26/turn                v - +6 ring of strength
MPRegen 0.13/turn                w - +6 ring of strength
                                 (no ring)
                                 (no ring)

@: wereblooded
A: almost no armour, amphibious, 8 rings, camouflage 1, gelatinous body 1,
(nimble swimmer 1), tentacles
a: Renounce Religion


You were in the Dungeon.
You worshipped Jiyva.
Jiyva was noncommittal.
You visited 1 branch

Inventory:

Hand Weapons
 A - the +6 shillelagh "Devastator" {shatter}
   (You found it in the Dungeon)
Armour
 k - a +3 buckler (worn)
Jewellery
 q - a ring of flight
 r - a +6 ring of dexterity (left tentacle)
 s - a +6 ring of dexterity (right tentacle)
 t - a +6 ring of intelligence (on tentacle)
 u - a +6 ring of intelligence (on tentacle)
 v - a +6 ring of strength (on tentacle)
 w - a +6 ring of strength (on tentacle)
Wands
 y - a wand of mindburst (4)
 z - a wand of light (6)
Scrolls
 g - 4 scrolls of blinking
 m - 4 scrolls of amnesia
 n - 7 scrolls of fog
 o - 5 scrolls of identify
 p - a scroll of fear
Potions
 a - a potion of lignification
 b - 10 potions of curing
 c - 9 potions of heal wounds
 d - 6 potions of haste
 e - 7 potions of magic
 f - 3 potions of berserk rage
 h - 2 potions of brilliance
 i - 2 potions of invisibility
 j - 4 potions of resistance
 l - 5 potions of might
Miscellaneous
 x - a lightning rod (4/4)


   Skills:
 + Level 5.4 Fighting
 + Level 5.7 Dodging
 + Level 6.2 Unarmed Combat
 + Level 5.3 Spellcasting
 + Level 5.7 Transmutations


You had 11 spell levels left.
You knew the following spells:

 Your Spells              Type           Power      Damage    Failure   Level
a - Beastly Appendage     Tmut           80%        N/A       1%          1
b - Wereblood             Tmut           40%        N/A       1%          2

Your spell library contained the following spells:

 Spells                   Type           Power      Damage    Failure   Level
 Spider Form              Tmut/Pois      24%        N/A       8%          3
 Ice Form                 Ice/Tmut       24%        N/A       26%         4


Dungeon Overview and Level Annotations

Branches:
Dungeon (1/1)

Altars:
Ashenzari
Cheibriados
Dithmenos
Elyvilon
Fedhas
Gozag
Hepliaklqana
Kikubaaqudgha
Makhleb
Nemelex Xobeh
Okawaru
Qazlal
Ru
Sif Muna
Trog
Uskayaw
Vehumet
Wu Jian
Xom
Yredelemnul
Zin
The Shining One
Jiyva
Lugonu

Annotations:
D 1 transporter


Innate Abilities, Weirdness & Mutations

You cannot wear most types of armour.
You are amphibious.
You can wear up to eight rings at the same time.
Your skin changes colour to match your surroundings (Stealth+).
Your rubbery body absorbs attacks. (AC +1, EV +1)
((You are camouflaged when in or above water. (Stealth+)))
You have tentacles for arms and can constrict up to eight enemies at once.


Message History

Your base attributes are Str 9, Int 15, Dex 12.
Increase (S)trength, (I)ntelligence, or (D)exterity?
You feel clever. x2
You have reached level 4!
As you read the scroll of fear, it crumbles to dust.
You assume a fearsome visage.
The water moccasin looks frightened!
The red ugly thing looks frightened!
Aiming: Mindburst
Press: ? - help, Shift-Dir - straight line, f/p - water moccasin
Aim: a water moccasin (heavily wounded, blind, fleeing, chance to affect: 64%)
Your attack snaps the water moccasin out of its fear.
The water moccasin struggles to resist.
You miss the water moccasin. You grab the water moccasin.
You pierce the water moccasin.
You squeeze the water moccasin!
You feel a bit better.
You kill the water moccasin!
The red ugly thing is no longer blind.
Your Fighting skill increases to level 5!
Your Dodging skill increases to level 5!
Your Unarmed Combat skill increases to level 6!
Your Spellcasting skill increases to level 5!
Your Transmutations skill increases to level 5!
You have reached level 5!
You feel stronger.
You howl as the wereblood boils in your veins!
Your tentacle spike disappears.
The red ugly thing seems to regain its courage.
The red ugly thing barely misses you.
You tentacle-slap the red ugly thing. You grab the red ugly thing.
The red ugly thing is lightly wounded.
You constrict the red ugly thing. The red ugly thing pecks you.
You are engulfed in flames!
* * * LOW HITPOINT WARNING * * *
You hear a splatter.
You feel much better.
You howl as the wereblood boils in your veins!
You constrict the red ugly thing. The red ugly thing pecks you!
You are engulfed in flames!!
Ouch! That really hurt!
You die...

▓▓▓▓▓▓▓▓▓▓▓▓▓
▓.8©8.▓.8©8.▓
▓.):[.▓.....▓
▓.....▓.....▓
▓...u.▓.G...▓
▓...@.▓.....▓
▓.....▓J.©..▓
▓..©..▓▓▓▓▓▓▓
▓▓▓▓▓▓▓


You could see a red ugly thing.

Vanquished Creatures
  A water moccasin (shapeshifter) (D)
  A wolf (shapeshifter) (D)
2 creatures vanquished.

Notes
Turn   | Place    | Note
-------+----------+-------------------------------------------
     0 | D        | fozzywoppz the Octopode Transmuter began the quest for the
                  | Orb.
     0 | D        | Reached XP level 1. HP: 13/13 MP: 3/3
     0 | D        | Found a shimmering blue altar of Sif Muna.
     0 | D        | Found a sacrificial altar of Ru.
     0 | D        | Found a bloodstained altar of Trog.
     0 | D        | Found a stormy altar of Qazlal.
     0 | D        | Found an iron altar of Okawaru.
     0 | D        | Found a sparkling altar of Nemelex Xobeh.
     0 | D        | Found a blossoming altar of Fedhas.
     0 | D        | Found the +6 Majin-Bo {spellvamp, MP+6 Int+6}
     0 | D        | Found the +27 heavy crossbow "Sniper" {heavy, Acc+∞ SInv}
     0 | D        | Found the +10 dark maul {heavy}
     0 | D        | Found the +15 Maxwell's patent armour {-Cast -Tele rElec
                  | Will+ rCorr}
     0 | D        | Found the +18 shield of the Gong {Loud rN+ Will+ rCorr
                  | EV-5}
     0 | D        | Found the +16 obsidian axe {drain, demonic, Mesm Drain Fly
                  | SInv}
     0 | D        | Found the +7 great mace "Firestarter" {flame, immolate,
                  | rFlCloud rF++}
     0 | D        | Found the +6 shillelagh "Devastator" {shatter}
     0 | D        | Found the +11 plutonium sword {Contam Stlth-}
     0 | D        | Found the +8 lance "Wyrmbane" {slay drac, rPois rF+ rC+
                  | AC+3}
     0 | D        | Found the +9 sword of Zonguldrok {reap}
     0 | D        | Found the +13 scythe of Curses {drain, curses, Drain}
     0 | D        | Found the +9 sword of Power {lifebolt}
     0 | D        | Found the +7 mace of Variability {chaos, chaos arc}
     0 | D        | Found the +11 Singing Sword {sonic wave}
     0 | D        | Found the +8 storm bow {elec, penet}
     2 | D        | Found a transporter.
     2 | D        | Found an ancient bone altar of Kikubaaqudgha.
     2 | D        | Found a viscous altar of Jiyva.
     2 | D        | Found a corrupted altar of Lugonu.
     2 | D        | Found a hazy altar of Hepliaklqana.
     2 | D        | Found a burning altar of Makhleb.
     2 | D        | Found an opulent altar of Gozag.
    23 | D        | Reached skill level 4 in Unarmed Combat
    23 | D        | Reached XP level 2. HP: 21/21 MP: 3/6
    72 | D        | Learned a level 2 spell: Wereblood
   100 | D        | Became a worshipper of Jiyva Jegarouc the Shapeless
   105 | D        | Entered arena 2.
   105 | D        | Noticed a golden eye
   105 | D        | Found a transporter.
   111 | D        | Entered arena 3.
   111 | D        | Noticed a water moccasin
   111 | D        | Noticed a red ugly thing
   111 | D        | Noticed a wolf
   111 | D        | Found a transporter.
   118 | D        | Killed a wolf
   119 | D        | Reached skill level 5 in Unarmed Combat
   119 | D        | Reached XP level 3. HP: 13/27 MP: 4/8
   119 | D        | Reached XP level 4. HP: 16/34 MP: 5/10
   121 | D        | Killed a water moccasin
   122 | D        | Reached skill level 5 in Fighting
   122 | D        | Reached skill level 5 in Dodging
   122 | D        | Reached skill level 6 in Unarmed Combat
   122 | D        | Reached skill level 5 in Spellcasting
   122 | D        | Reached skill level 5 in Transmutations
   122 | D        | Reached XP level 5. HP: 22/39 MP: 5/12
   126 | D        | Mangled by a red ugly thing

Illustrated notes

Levels and vault maps discovered:
D:        sprint_v [room_start, room_1, room_2, room_3, room_4, room_5, room_6,
          room_7, room_8, room_9, room_10, room_11, room_12, room_13, room_14,
          room_15, room_16, room_17, room_18, room_19, room_20, room_21,
          room_22, room_23, room_24, room_25, room_26, room_27]

Skill      XL: |  1  2  3  4 |
---------------+-------------+-----
Fighting       | 3 4 5 |  5.4
Dodging        | 3 4 5 |  5.7
Unarmed Combat | 4 5 6 |  6.2
Spellcasting   | 3 4 5 |  5.3
Transmutations | 3 4 5 |  5.7

Action                     |  1- 3 |  4- 6 || total
---------------------------+-------+-------++-------
  Melee: Unarmed           |     3 |     2 ||     5
         Tentacles         |     2 |     1 ||     3
         Constrict         |     1 |     2 ||     3
         Kick              |       |     1 ||     1
   Cast: Beastly Appendage |     1 |       ||     1
         Wereblood         |     1 |       ||     1
  Evoke: Wand              |     3 |     1 ||     4
         Lightning rod     |     1 |       ||     1
    Use: Potion            |     1 |     1 ||     2
         Scroll            |       |     1 ||     1
  Dodge: Dodged            |     1 |     1 ||     2
  Block: Buckler           |     1 |       ||     1

Table legend: (Time is in decaauts)
 A = Elapsed time spent in this place.
 B = Non-inter-level travel time spent in this place.
 C = Inter-level travel time spent in this place.
 D = Time resting spent in this place.
 E = Time spent auto-exploring this place.
 F = Levels seen in this place.
 G = Mean time per level.
                   A        B        C        D        E       F      G
               +--------+--------+--------+--------+--------+-----+--------+
         Total |    122 |    122 |      0 |      0 |      0 |   1 |  122.0 |
       Dungeon |    122 |    122 |      0 |      0 |      0 |   1 |  122.0 |
               +--------+--------+--------+--------+--------+-----+--------+

Top non-repeatable levels by time:
       D: 122 daAuts
